 Dungeon Crawl Stone Soup version 0.28.0-45-g0d030f2227 (webtiles) character file.

Game seed: 11649511659343600692

21639 madmanrnold the Impaler (level 13, 0/159 HPs)
             Began as a Formicid Fighter on Mar 30, 2022.
             Was an Initiate of Yredelemnul.
             Slain by a freezing wraith (8 damage)
             ... led by a death knight
             ... on level 13 of the Dungeon.
             The game lasted 00:24:19 (14675 turns).

madmanrnold the Impaler (Formicid Fighter)         Turns: 14675, Time: 00:24:20

Health: 0/159      AC: 26    Str: 24    XL:     13   Next: 21%
Magic:  16/16      EV:  2    Int: 10    God:    Yredelemnul [......]
Gold:   435        SH: 15    Dex: 10    Spells: 12/12 levels left

rFire   + . .      SeeInvis .   e - +1 halberd "Wequh" {speed, Will+}
rCold   + . .      Faith    .   p - +0 kite shield
rNeg    . . .      Spirit   .   (armour currently unavailable)
rPois   +          Reflect  +   (helmet unavailable)
rElec   +          Harm     .   (cloak currently unavailable)
rCorr   +          Rampage  .   (gloves currently unavailable)
Will    +++..                   (boots currently unavailable)
Stlth   +.........              q - amulet of reflection
HPRegen 0.36/turn               o - +4 ring of slaying
MPRegen 0.15/turn               t - ring of willpower

@: tree-form, resistant
A: stationary, stasis, torment immunity, boosted hp, permanent stasis, dig
shafts and tunnels, (antennae 3), four strong arms
a: Renounce Religion, Recall Undead Harvest


You were on level 13 of the Dungeon.
You worshipped Yredelemnul.
Yredelemnul was noncommittal.
You were a tree.
You visited 2 branches of the dungeon, and saw 14 of its levels.

You collected 625 gold pieces.
You spent 190 gold pieces at shops.

Inventory:

Hand Weapons
 a - a +1 trident
 e - the +1 halberd "Wequh" (weapon) {speed, Will+}
   (You found it on level 4 of the Dungeon)

   Attacks with this weapon are significantly faster.
   Will:      It increases your willpower.
 B - a +0 vorpal glaive
Armour
 h - a +0 pair of boots (melded)
 k - a +3 plate armour (melded)
 p - a +0 kite shield (worn)
Jewellery
 o - a +4 ring of slaying (left branch)
 q - an amulet of reflection (around neck)
 t - a ring of willpower (right branch)
Wands
 b - a wand of iceblast (3)
 m - a wand of charming (17)
 v - a wand of acid (6)
 z - a wand of digging (5)
Scrolls
 n - 11 scrolls of identify
 r - 2 scrolls of fog
 u - a scroll of amnesia
 w - 2 scrolls of fear
 x - a scroll of silence {unknown}
Potions
 c - a potion of ambrosia
 d - 4 potions of might
 f - 2 potions of brilliance
 j - 2 potions of lignification
 l - 7 potions of attraction
 s - 3 potions of curing
 A - a potion of degeneration {unknown}
Miscellaneous
 y - a phantom mirror


   Skills:
 + Level 11.3 Fighting
 + Level 16.1 Polearms
 + Level 7.5 Armour
 + Level 7.9 Shields
 - Level 5.0 Invocations
 - Level 0.6 Evocations


You had 12 spell levels left.
You didn't know any spells.
Your spell library contained the following spells:

 Spells                   Type           Power      Damage    Failure   Level
 Magic Dart               Conj           0%         1d3       58%         1
 Sandblast                Erth           0%         2d4       58%         1
 Slow                     Hex            0%         N/A       58%         1
 Sting                    Tmut/Pois      0%         1d3       58%         1
 Call Imp                 Summ           0%         N/A       75%         2
 Passwall                 Tmut/Erth      0%         N/A       75%         2
 Poisonous Vapours        Pois/Air       0%         N/A       75%         2
 Sublimation of Blood     Necr           0%         N/A       75%         2
 Confusing Touch          Hex            0%         N/A       92%         3
 Frozen Ramparts          Ice            0%         1d2       92%         3
 Ignite Poison            Fire/Tmut/Pois 0%         N/A       92%         3
 Lesser Beckoning         Tloc           0%         N/A       92%         3
 Mephitic Cloud           Conj/Pois/Air  0%         N/A       92%         3
 Ozocubu's Armour         Ice            0%         N/A       92%         3
 Stone Arrow              Conj/Erth      0%         3d7       92%         3
 Tukima's Dance           Hex            0%         N/A       92%         3
 Vampiric Draining        Necr           0%         2d6       92%         3
 Anguish                  Hex/Necr       0%         N/A       100%        4
 Fulminant Prism          Conj/Hex       0%         3d6       100%        4
 Ice Form                 Ice/Tmut       0%         N/A       100%        4
 Iskenderun's Mystic Bla  Conj/Tloc      0%         2d3       100%        4
 Olgreb's Toxic Radiance  Pois           0%         N/A       100%        4
 Passage of Golubria      Tloc           0%         N/A       100%        4
 Petrify                  Tmut/Erth      0%         N/A       100%        4
 Summon Ice Beast         Ice/Summ       0%         N/A       100%        4
 Irradiate                Conj/Tmut      0%         3d14      100%        5
 Lee's Rapid Deconstruct  Erth           0%         3d5*      100%        5
 Manifold Assault         Tloc           0%         N/A       100%        5
 Metabolic Englaciation   Hex/Ice        0%         N/A       100%        5
 Silence                  Hex/Air        0%         N/A       100%        5
 Eringya's Noxious Bog    Tmut/Pois      0%         N/A       100%        6
 Simulacrum               Ice/Necr       0%         N/A       100%        6
 Enfeeble                 Hex            0%         N/A       100%        7
 Borgnjor's Revivificati  Necr           0%         N/A       100%        8
 Lehudib's Crystal Spear  Conj/Erth      0%         10d2      100%        8
 Blink                    Tloc           Unusable   N/A       N/A         2

Dungeon Overview and Level Annotations

Branches:
Dungeon (13/15)            Temple (1/1) D:4            Lair (0/6) D:9
    Orc (0/2) D:11
 Vaults: D:13-14

Altars:
Ashenzari
Cheibriados
Dithmenos
Elyvilon
Fedhas
Gozag
Hepliaklqana
Kikubaaqudgha
Makhleb
Nemelex Xobeh
Okawaru
Qazlal
Ru
Sif Muna
Trog
Uskayaw
Vehumet
Wu Jian
Xom
Yredelemnul
Zin
The Shining One

Shops:
D:6 =   D:9 (   D:10 [   D:13 (:(=

Annotations:
D:10 2 transporters, kwass's ghost, journeyman GnFi


Innate Abilities, Weirdness & Mutations

You are a tree.
Your roots penetrate the ground, keeping you stationary.
You cannot be teleported.
You are immune to unholy pain and torment.
Your maximum health is greatly increased.
Your equipment is partially melded.
You cannot be hasted, slowed, berserked, paralysed or teleported.
You can dig through walls and to a lower floor.
((You have a pair of large antennae on your head. (SInv)))
Your four strong arms can wield two-handed weapons with a shield.


Message History

You puncture the phantasmal warrior!
The phantasmal warrior is moderately damaged.
You hit the phantasmal warrior.
The phantasmal warrior is moderately damaged.
You block the phantasmal warrior's attack.
You hit the phantasmal warrior.
The phantasmal warrior is moderately damaged.
You block the freezing wraith's attack. The freezing wraith hits you.
* * * LOW HITPOINT WARNING * * *
The freezing wraith drains your vigour!
Your stasis prevents you from being slowed.
You slash the phantasmal warrior!
The phantasmal warrior is severely damaged.
The phantasmal warrior hits you!
* * * LOW HITPOINT WARNING * * *
You barely miss the phantasmal warrior.
The phantasmal warrior is severely damaged.
The freezing wraith hits you but does no damage. x2
You puncture the phantasmal warrior!
The phantasmal warrior is almost destroyed.
You block the phantasmal warrior's attack.
You closely miss the phantasmal warrior.
The phantasmal warrior is almost destroyed.
You block the freezing wraith's attack. The freezing wraith hits you.
* * * LOW HITPOINT WARNING * * *
The freezing wraith drains your vigour!
Your stasis prevents you from being slowed.
The phantasmal warrior hits you!
* * * LOW HITPOINT WARNING * * *
You feel better. The freezing wraith hits you!
* * * LOW HITPOINT WARNING * * *
The freezing wraith freezes you! You resist.
* * * LOW HITPOINT WARNING * * *
You block the freezing wraith's attack.
The phantasmal warrior completely misses you.
You feel better. The freezing wraith hits you.
* * * LOW HITPOINT WARNING * * *
The freezing wraith freezes you! You resist.
You die...
Your body rises from the dead as a mindless zombie.

*#W#.# *,,,,,,,*
*.{#.# *********
*#.#.# ##### #.#.#
#.... #.#.# #....
#.#.# #.... #...#
#.... #.#W# #....
#.#♣# ######....
#.#W#######.........
#.#.##........##....
#.#.##........###.##
#.#.##........# #.#
#...∩...?...#####.#
#.#######....(.##.#
#.# #.(......##.#
#.# ###......##.##


You could see a phantasmal warrior and a freezing wraith.

Vanquished Creatures
  5 two-headed ogres
  2 boulder beetles (D:11)
  A death knight (D:13)
  A centaur warrior (D:13)
  7 skeletal warriors
  A deep elf zephyrmancer (D:10)
  2 ugly things
  An oklob plant (D:6)
  2 slime creatures (D:12)
  A cyclops (D:13)
  A manticore (D:11)
  A gargoyle (D:12)
  2 komodo dragons
  A hornet (D:8)
  A meliai zombie (D:10)
  12 yaks
  2 wraiths
  2 wyverns
  A water moccasin (D:5)
  An acid dragon (D:12)
  6 orc warriors
  A sky beast (D:8)
  2 black bears
  An ice beast (D:7)
  A necrophage (D:6)
  3 ogres (D:5)
  5 centaurs
  2 kobold brigands
  2 bullfrogs
  A water moccasin zombie (D:7)
  2 scorpions (D:6)
  5 killer bees
  8 wights
  2 electric eels
  2 howler monkeys
  2 bullfrog zombies
  3 centaur zombies
  4 hounds
  3 centaur skeletons
  2 orc priests (D:11)
  2 jellies
  2 bullfrog skeletons
  Natasha (thrice) (D:3)
  14 orc wizards
  2 killer bee zombies
  2 howler monkey zombies
  8 adders
  4 gnolls (D:6)
  2 white imps
  2 ufetubi (D:6)
  An adder skeleton (D:2)
  4 worms
  A dart slug (D:4)
  44 orcs
  2 bats
  7 endoplasms
  3 giant cockroaches
  6 goblins
  8 hobgoblins
  3 jackals (D:4)
  6 quokkas
  4 ball pythons
  A frilled lizard (D:3)
  7 kobolds
  2 rats
244 creatures vanquished.

Vanquished Creatures (collateral kills)
  A centaur zombie (D:10)
  A troll (D:12)
  A slime creature (D:12)
  A shadow (D:11)
  2 yaks (D:11)
  4 killer bees
  An orc wizard (D:10)
  A bush (D:6)
12 creatures vanquished.

Vanquished Creatures (others)
  2 yak zombies (D:11)
  A spectral ice beast (D:7)
  2 centaur zombies
  A spectral jelly (D:7)
  10 orc zombies
  An endoplasm (D:3)
  A jackal (D:4)
  A quokka (D:4)
  A kobold (D:8)
  A kobold zombie (D:9)
  2 plants (D:6)
23 creatures vanquished.

Grand Total: 279 creatures vanquished

Notes
Turn   | Place    | Note
-------+----------+-------------------------------------------
     0 | D:1      | madmanrnold the Formicid Fighter began the quest for the
                  | Orb.
     0 | D:1      | Reached XP level 1. HP: 18/18 MP: 1/1
   150 | D:1      | You fall into a shaft and drop 1 floor!
   164 | D:2      | Reached XP level 2. HP: 25/25 MP: 2/2
   189 | D:2      | Reached skill level 3 in Polearms
   189 | D:2      | Reached XP level 3. HP: 26/30 MP: 3/3
   198 | D:2      | Reached XP level 4. HP: 21/37 MP: 4/4
  1539 | D:1      | Found a faded altar of an unknown god.
  2326 | D:3      | Found a radiant altar of Vehumet.
  2409 | D:3      | Reached XP level 5. HP: 29/43 MP: 5/5
  2569 | D:3      | Noticed Natasha
  2573 | D:3      | Killed Natasha
  2716 | D:3      | Found an ancient bone altar of Kikubaaqudgha.
  2729 | D:3      | Reached skill level 5 in Fighting
  2770 | D:3      | Noticed Natasha
  2780 | D:3      | Killed Natasha
  2781 | D:3      | Reached skill level 4 in Polearms
  3056 | D:3      | Noticed Natasha
  3065 | D:3      | Killed Natasha
  3116 | D:4      | Reached XP level 6. HP: 51/51 MP: 6/6
  3129 | D:4      | Identified the +7 dire flail "Onejul" {vorpal, rF- Will+
                  | Int+3}
  3170 | D:4      | Identified the +1 halberd "Wequh" {speed, Will+}
  3724 | D:4      | Found a white marble altar of Elyvilon.
  3792 | D:4      | Found a staircase to the Ecumenical Temple.
  3792 | D:4      | Noticed a black bear
  3800 | D:4      | Killed a black bear
  3801 | D:4      | Reached skill level 5 in Polearms
  3801 | D:4      | Reached XP level 7. HP: 55/58 MP: 7/7
  3806 | Temple   | Entered the Ecumenical Temple
  4185 | D:5      | Entered Level 5 of the Dungeon
  4352 | D:5      | Reached skill level 6 in Polearms
  4354 | D:5      | Reached XP level 8. HP: 56/67 MP: 8/8
  5147 | D:6      | Reached skill level 7 in Polearms
  5179 | D:6      | Found a broken altar of Ashenzari.
  5181 | D:6      | Found Jilem's Jewellery Boutique.
  5267 | D:6      | Reached XP level 9. HP: 57/75 MP: 9/9
  5320 | D:6      | Reached skill level 8 in Polearms
  5497 | D:6      | Found a basalt altar of Yredelemnul.
  5512 | D:6      | Became a worshipper of Yredelemnul the Dark
  5544 | D:6      | Found a blossoming altar of Fedhas.
  5567 | D:6      | Noticed an oklob plant
  5595 | D:6      | Killed an oklob plant
  6506 | D:6      | Found a hide-covered altar of Uskayaw.
  6683 | D:7      | Reached skill level 10 in Fighting
  6712 | D:7      | Reached skill level 9 in Polearms
  6731 | D:7      | Reached * piety under Yredelemnul
  7072 | D:7      | Reached skill level 10 in Polearms
  7072 | D:7      | Reached XP level 10. HP: 78/85 MP: 10/10
  7214 | D:7      | Noticed a two-headed ogre
  7226 | D:7      | Killed a two-headed ogre
  7226 | D:7      | Reached ** piety under Yredelemnul
  7227 | D:7      | Reached skill level 11 in Polearms
  7759 | D:8      | Found a hazy altar of Hepliaklqana.
  7824 | D:8      | Found a sacrificial altar of Ru.
  7825 | D:8      | Found a shimmering altar of Xom.
  8297 | D:8      | Reached *** piety under Yredelemnul
  8512 | D:8      | Reached skill level 12 in Polearms
  8842 | D:8      | Found a shimmering blue altar of Sif Muna.
  9148 | D:9      | Found an opulent altar of Gozag.
  9184 | D:9      | Found a staircase to the Lair.
  9294 | D:9      | Reached skill level 13 in Polearms
  9343 | D:9      | Reached XP level 11. HP: 90/90 MP: 11/11
  9627 | D:9      | Found an ornate altar of the Wu Jian Council.
  9751 | D:9      | Found Teck's Antique Weapon Boutique.
  9897 | D:10     | Entered Level 10 of the Dungeon
  9978 | D:10     | Noticed a tengu reaver
  9978 | D:10     | Noticed kwass's ghost (journeyman GnFi)
 10065 | D:10     | Noticed a two-headed ogre
 10079 | D:10     | Killed a two-headed ogre
 10080 | D:10     | Reached skill level 14 in Polearms
 10213 | D:10     | Noticed a two-headed ogre
 10222 | D:10     | Killed a two-headed ogre
 10289 | D:10     | Found a transporter.
 10357 | D:10     | Found a transporter.
 10440 | D:10     | Found Mikly's Armour Shop.
 10560 | D:10     | Noticed a deep elf zephyrmancer
 10581 | D:10     | Killed a deep elf zephyrmancer
 10659 | D:10     | Got Goisheite's Disquisition on Unholy Intoxication
 10887 | D:11     | Reached skill level 15 in Polearms
 11016 | D:11     | Noticed a boulder beetle
 11021 | D:11     | Killed a boulder beetle
 11118 | D:11     | Found a staircase to the Orcish Mines.
 11294 | D:11     | Reached XP level 12. HP: 77/97 MP: 12/12
 11514 | D:11     | Reached skill level 16 in Polearms
 11563 | D:11     | Noticed a two-headed ogre
 11571 | D:11     | Killed a two-headed ogre
 11572 | D:11     | Reached skill level 1 in Invocations
 11632 | D:11     | Noticed a two-headed ogre
 11640 | D:11     | Killed a two-headed ogre
 11782 | D:11     | Reached skill level 5 in Shields
 11961 | D:11     | Reached **** piety under Yredelemnul
 11980 | D:11     | Reached ***** piety under Yredelemnul
 12321 | D:11     | Noticed a boulder beetle
 12333 | D:11     | Killed a boulder beetle
 12334 | D:11     | Reached skill level 5 in Armour
 12490 | D:12     | Reached skill level 5 in Invocations
 12875 | D:12     | Found a sacrificial altar of Ru.
 13643 | D:13     | Found a gate leading to a gauntlet.
 13643 | D:13     | Noticed a centaur warrior
 13651 | D:13     | Killed a centaur warrior
 13737 | D:13     | Found Zaddes's Antique Weapon Shop.
 13739 | D:13     | Found Caduqiko's Antique Weapon Boutique.
 13741 | D:13     | Found Xiylig's Book Shoppe.
 13741 | D:13     | Found Pebbof's Jewellery Shop.
 13805 | D:13     | Noticed a skeletal warrior
 13806 | D:13     | Noticed a skeletal warrior
 13806 | D:13     | Noticed a skeletal warrior
 13806 | D:13     | Noticed a skeletal warrior
 13806 | D:13     | Noticed a skeletal warrior
 13864 | D:12     | Killed a skeletal warrior
 13982 | D:12     | Killed a skeletal warrior
 14136 | D:12     | Killed a skeletal warrior
 14152 | D:13     | Killed a skeletal warrior
 14153 | D:13     | Reached XP level 13. HP: 56/106 MP: 16/16
 14494 | D:13     | Bought a runed glaive for 190 gold pieces
 14674 | D:13     | HP: 6/159 [freezing wraith[a death knight] (9)]
 14675 | D:13     | Slain by a freezing wraith

Illustrated notes

Levels and vault maps discovered:
D:1:      minmay_arrival_open_corners, layout_loops_ring,
          ebering_ecumenical_altar_petrified, kennysheep_another_room,
          chequers_big_river
D:2:      layout_loops_corners
D:3:      layout_basic, fiery_altar_vehumet, mainiacjoe_overflow_alcove_1,
          minmay_misc_feat_hallway, serial_bayou_crossing, uniq_natasha
D:4:      layout_cave_pods, elyvilon_altar_4, temple_green
D:5:      layout_basic
D:6:      layout_loops_ring, lemuel_crystal_altar, nicolae_uskayaw_suspiria,
          tgw_fedhas, mainiacjoe_overflow_paths, serial_shops,
          nicolae_diamond_shop, minmay_hedge_maze,
          chequers_serial_rivers_small_a, chequers_serial_rivers_micro_b
D:7:      layout_cave_pools
D:8:      layout_loops_corners, mainiacjoe_overflow_boulevard,
          lemuel_coloured_pillars_altar, mainiacjoe_overflow_divided_tiny
D:9:      hellmonk_destroyed_diamonds, layout_basic,
          mainiacjoe_overflow_tiny_flanked, kennysheep_mini_moat, serial_shops,
          shop_statue
D:10:     layout_long_grid, serial_shops, shop, gammafunk_ghost_arena,
          st_stairs_11, minmay_librarian
D:11:     layout_gridville, david_orc_1_choice, minivault_4
D:12:     layout_basic, serial_glass, glass_columns_c, glass_columns_b,
          minmay_strange_pillars, minmay_strange_pillars, due_unseen_surprise,
          minmay_strange_pillars, nicolae_ru_sacrificial_ziggurat
D:13:     layout_basic, ebering_ghost_rock_garden, gauntlet_entry_generic,
          nicolae_wooded_promenade
Temple:   nicolae_temple_figure_zero

Skill      XL: |  1  2  3  4  5  6  7  8  9 10 11 12 13 |
---------------+----------------------------------------+-----
Fighting       | 4 5 6 7 8 10 11 | 11.3
Polearms       | 3 4 5 6 7 10 13 15 16 | 16.1
Shields        | 7 |  7.9
Invocations    | 5 |  5.0
Armour         | 6 7 |  7.5
Evocations     | |  0.6

Action                   |  1- 3 |  4- 6 |  7- 9 | 10-12 | 13-15 || total
-------------------------+-------+-------+-------+-------+-------++-------
Melee: Trident           |    29 |   158 |       |       |       ||   187
       Halberd           |       |    46 |   301 |   446 |    55 ||   848
 Abil: Dig               |       |       |     1 |     7 |     2 ||    10
  Use: Scroll            |       |     5 |     7 |    11 |       ||    23
       Potion            |       |       |     1 |     2 |     7 ||    10
 Stab: Distracted        |       |       |       |     1 |       ||     1
Armor: Scale mail        |     8 |    30 |       |       |       ||    38
       Plate armour      |       |    30 |    90 |    88 |     1 ||   209
       Skin              |       |       |       |       |     5 ||     5
Dodge: Dodged            |     8 |    51 |    37 |    33 |     1 ||   130
Block: Buckler           |     6 |    18 |    17 |       |       ||    41
       Kite shield       |       |       |    47 |   127 |    16 ||   190
       Reflection        |       |       |       |     8 |       ||     8
